[ AOE2 MATCH · #463566889 ]
Team RMByzantines vs Persians
[ REPLAY ANALYSIS · EXTRACTED FROM THE RECORDED GAME ]
Feudal
12:57
Castle
24:13
Imperial
39:15
| APM avg | 18.6 |
| APM peak | 44 |
| eAPM avg | 9.2 |
| Villagers / military | 84 / 228 |
Focus
⚔️ 30.1% · 🌾 69.9%
Skirmisher ×65 · Knight ×51 · Camel Scout ×51 · Archer ×36 · Cataphract ×20 · Trade Cart ×19
Feudal
—
Castle
—
Imperial
—
| APM avg | 17.1 |
| APM peak | 49 |
| eAPM avg | 13.7 |
| Villagers / military | 97 / 158 |
Focus
⚔️ 33.8% · 🌾 66.2%
Battle Elephant ×49 · Ballista Elephant ×49 · Scorpion ×48 · Trade Cart ×24 · Trebuchet (Packed) ×10 · Fishing Ship ×6
Feudal
11:42
Castle
19:00
Imperial
45:23
| APM avg | 24.5 |
| APM peak | 64 |
| eAPM avg | 15.9 |
| Villagers / military | 122 / 275 |
Focus
⚔️ 44.5% · 🌾 55.5%
Spearman ×144 · Scout Cavalry ×58 · Knight ×32 · Trade Cart ×22 · Camel Scout ×21 · War Elephant ×18
Feudal
14:15
Castle
23:36
Imperial
37:59
| APM avg | 36.1 |
| APM peak | 83 |
| eAPM avg | 23.6 |
| Villagers / military | 123 / 336 |
Focus
⚔️ 23.0% · 🌾 77.0%
Spearman ×145 · Woad Raider ×110 · Mangonel ×79 · Trade Cart ×19 · Trebuchet (Packed) ×2
Feudal
11:45
Castle
21:06
Imperial
34:57
| APM avg | 23.7 |
| APM peak | 60 |
| eAPM avg | 19.8 |
| Villagers / military | 168 / 458 |
Focus
⚔️ 55.5% · 🌾 44.5%
Longbowman ×152 · Scout Cavalry ×142 · Spearman ×55 · Skirmisher ×36 · Archer ×25 · Knight ×24
Feudal
10:25
Castle
25:28
Imperial
39:53
| APM avg | 43.1 |
| APM peak | 112 |
| eAPM avg | 24.9 |
| Villagers / military | 158 / 528 |
Focus
⚔️ 47.4% · 🌾 52.6%
Kipchak ×191 · Spearman ×176 · Knight ×88 · Camel Scout ×71 · Trade Cart ×25 · Monk ×1
Match map
Initial resources + every placement click. Lines = walls · curves = elevation contours. ◆ gold · ⬟ stone · ● berries · ✦ relic · ◌ wall gap
Your base· ✓ Closed at 24:13 · 51t walls · no gate
SargeantARM's base· ✓ Closed at 16:18 · 25t walls · 2 gate(s)
Calio's base· ✓ Closed at 19:00 · 16t walls · no gate
DraKo's base· ✓ Closed at 23:36 · 18t walls · no gate
who's base· ✓ Closed at 21:06 · 51t walls · no gate
rileywong96's base· ✓ Closed at 25:28 · 21t walls · no gate
Smoothed initial terrain · ◌ = detected wall gap · hover for details
Inputs per minute
— ImJustVainilla - - SargeantARM
Build order — ImJustVainilla
First 150 of 358 actions detected
| 0:05 | Create | Villager (Male) |
| 0:06 | Create | Villager (Male) |
| 0:13 | Build | House |
| 0:43 | Build | House |
| 0:47 | Create | Villager (Male) |
| 0:47 | Create | Villager (Male) |
| 1:19 | Build | House |
| 1:20 | Build | House |
| 2:23 | Build | Mill |
| 2:26 | Create | Villager (Male) |
| 2:27 | Create | Villager (Male) |
| 2:27 | Create | Villager (Male) |
| 3:01 | Create | Villager (Male) |
| 3:32 | Create | Villager (Male) |
| 4:13 | Create | Villager (Male) |
| 4:15 | Create | Villager (Male) |
| 4:52 | Create | Villager (Male) |
| 5:00 | Research | Loom |
| 5:07 | Create | Villager (Male) |
| 5:08 | Create | Villager (Male) |
| 5:27 | Create | Villager (Male) |
| 6:03 | Create | Villager (Male) |
| 6:21 | Build | Palisade Wall |
| 6:35 | Build | House |
| 6:59 | Create | Villager (Male) |
| 6:59 | Create | Villager (Male) |
| 7:26 | Create | Villager (Male) |
| 8:17 | Build | Lumber Camp |
| 8:22 | Create | Villager (Male) |
| 8:32 | Build | Palisade Wall |
| 9:02 | Create | Villager (Male) |
| 9:22 | Create | Villager (Male) |
| 9:33 | Build | House |
| 9:36 | Build | House |
| 10:47 | Research | Feudal Age |
| 11:02 | Build | Mill |
| 11:08 | Build | Farm |
| 11:40 | Create | Villager (Male) |
| 12:22 | Create | Villager (Male) |
| 12:44 | Build | Lumber Camp |
| 12:57 | Age | Feudal Age |
| 13:05 | Build | Stone Wall |
| 13:10 | Research | Double-Bit Axe |
| 13:13 | Create | Villager (Male) |
| 13:14 | Create | Villager (Male) |
| 13:33 | Build | Farm |
| 13:56 | Create | Villager (Male) |
| 14:23 | Create | Villager (Male) |
| 14:43 | Build | Mining Camp |
| 15:21 | Build | Stone Wall |
| 15:28 | Create | Villager (Male) |
| 15:37 | Create | Villager (Male) |
| 15:43 | Build | Farm |
| 15:48 | Build | Farm |
| 15:58 | Build | Farm |
| 16:01 | Build | Farm |
| 16:04 | Build | Farm |
| 16:17 | Build | Lumber Camp |
| 16:19 | Create | Villager (Male) |
| 16:28 | Build | Farm |
| 16:43 | Create | Villager (Male) |
| 16:44 | Create | Villager (Male) |
| 16:59 | Build | Farm |
| 17:03 | Build | Farm |
| 17:08 | Create | Villager (Male) |
| 17:18 | Build | Farm |
| 17:20 | Build | Farm |
| 17:25 | Build | Farm |
| 17:30 | Create | Villager (Male) |
| 17:37 | Build | Farm |
| 17:46 | Build | Farm |
| 17:49 | Build | Farm |
| 17:55 | Create | Villager (Male) |
| 18:04 | Build | Stone Wall |
| 18:09 | Build | Farm |
| 18:13 | Create | Villager (Male) |
| 18:33 | Build | Blacksmith |
| 18:59 | Build | Market |
| 19:04 | Create | Villager (Male) |
| 19:40 | Build | House |
| 19:41 | Build | House |
| 19:42 | Build | House |
| 20:07 | Build | Barracks |
| 20:25 | Create | Villager (Male) |
| 20:28 | Create | Villager (Male) |
| 20:38 | Research | Forging |
| 20:41 | Research | Scale Barding Armor |
| 21:01 | Build | Mining Camp |
| 21:10 | Build | Mining Camp |
| 21:33 | Research | Castle Age |
| 21:38 | Build | Mining Camp |
| 21:40 | Research | Gold Mining |
| 21:45 | Build | Blacksmith |
| 22:06 | Research | Stone Mining |
| 22:07 | Research | Horse Collar |
| 22:24 | Build | Stone Wall |
| 22:52 | Build | House |
| 22:53 | Build | House |
| 22:54 | Build | House |
| 22:55 | Build | House |
| 24:05 | Create | Villager (Male) |
| 24:07 | Create | Villager (Male) |
| 24:08 | Create | Villager (Male) |
| 24:08 | Create | Villager (Male) |
| 24:13 | Age | Castle Age |
| 24:13 | Research | Fletching |
| 24:15 | Research | Iron Casting |
| 24:30 | Build | Town Center |
| 24:34 | Research | Bow Saw |
| 24:49 | Build | Archery Range |
| 24:55 | Create | Villager (Male) |
| 24:56 | Create | Villager (Male) |
| 25:05 | Build | Monastery |
| 25:19 | Create | Villager (Male) |
| 25:33 | Create | Villager (Male) |
| 25:36 | Create | Villager (Male) |
| 25:36 | Create | Villager (Male) |
| 25:37 | Create | Villager (Male) |
| 25:52 | Build | Archery Range |
| 26:07 | Build | Stone Wall |
| 26:12 | Build | Stone Wall |
| 26:19 | Create | Villager (Male) |
| 26:26 | Create | Villager (Male) |
| 26:30 | Build | Farm |
| 26:38 | Create | Trade Cart |
| 26:40 | Create | Trade Cart |
| 26:48 | Build | Farm |
| 26:50 | Create | Villager (Male) |
| 26:51 | Create | Villager (Male) |
| 27:22 | Build | Farm |
| 27:28 | Create | Villager (Male) |
| 27:28 | Create | Villager (Male) |
| 27:29 | Create | Villager (Male) |
| 27:35 | Create | Monk |
| 27:45 | Build | House |
| 27:47 | Build | House |
| 27:48 | Build | House |
| 28:03 | Build | House |
| 28:04 | Build | House |
| 28:05 | Build | House |
| 28:06 | Build | House |
| 28:14 | Build | Mill |
| 28:20 | Build | Farm |
| 28:21 | Create | Villager (Male) |
| 28:22 | Create | Villager (Male) |
| 28:23 | Create | Villager (Male) |
| 28:26 | Build | Farm |
| 28:33 | Build | Farm |
| 28:44 | Create | Villager (Male) |
| 28:57 | Create | Villager (Male) |
Build order — SargeantARM
First 150 of 428 actions detected
| 0:02 | Create | Villager (Male) |
| 0:02 | Create | Villager (Male) |
| 0:02 | Create | Villager (Male) |
| 0:03 | Create | Villager (Male) |
| 0:05 | Build | House |
| 0:06 | Build | House |
| 0:17 | Research | Loom |
| 1:27 | Create | Villager (Male) |
| 1:52 | Build | Lumber Camp |
| 2:08 | Create | Villager (Male) |
| 2:27 | Build | Palisade Wall |
| 2:33 | Create | Villager (Male) |
| 3:31 | Build | House |
| 3:41 | Create | Villager (Male) |
| 3:41 | Create | Villager (Male) |
| 4:04 | Create | Villager (Male) |
| 4:23 | Build | House |
| 5:12 | Build | Palisade Wall |
| 5:22 | Build | Palisade Wall |
| 5:35 | Create | Villager (Male) |
| 5:35 | Create | Villager (Male) |
| 5:55 | Create | Villager (Male) |
| 6:38 | Create | Villager (Male) |
| 6:39 | Create | Villager (Male) |
| 6:54 | Build | Palisade Gate |
| 7:01 | Create | Villager (Male) |
| 7:21 | Create | Villager (Male) |
| 7:54 | Build | Dock |
| 8:16 | Build | Mill |
| 8:18 | Create | Villager (Male) |
| 8:18 | Create | Villager (Male) |
| 9:01 | Create | Villager (Male) |
| 9:38 | Create | Villager (Male) |
| 9:48 | Build | Mill |
| 9:53 | Build | Farm |
| 9:56 | Build | Farm |
| 10:10 | Create | Villager (Male) |
| 10:20 | Build | House |
| 10:26 | Build | Mining Camp |
| 10:45 | Create | Fishing Ship |
| 10:49 | Build | House |
| 10:53 | Build | House |
| 11:08 | Create | Fishing Ship |
| 11:14 | Research | Feudal Age |
| 11:29 | Create | Villager (Male) |
| 12:42 | Build | Palisade Wall |
| 12:51 | Build | Palisade Gate |
| 13:05 | Create | Fishing Ship |
| 13:08 | Create | Fishing Ship |
| 13:20 | Build | Farm |
| 13:24 | Build | Farm |
| 13:32 | Build | Farm |
| 13:36 | Create | Villager (Male) |
| 13:57 | Build | Farm |
| 14:15 | Create | Villager (Male) |
| 14:16 | Build | Farm |
| 14:36 | Create | Demolition Raft |
| 14:39 | Create | Fishing Ship |
| 14:41 | Create | Fishing Ship |
| 14:43 | Create | Villager (Male) |
| 14:46 | Build | Farm |
| 14:49 | Create | Villager (Male) |
| 14:57 | Research | Horse Collar |
| 15:10 | Build | Farm |
| 15:37 | Build | Farm |
| 15:40 | Research | Double-Bit Axe |
| 15:43 | Create | Villager (Male) |
| 16:09 | Create | Villager (Male) |
| 16:13 | Build | Farm |
| 16:18 | Research | Castle Age |
| 16:38 | Build | Farm |
| 17:05 | Research | Tech 906 |
| 17:17 | Create | Villager (Male) |
| 17:18 | Create | Villager (Male) |
| 17:43 | Build | House |
| 17:45 | Build | House |
| 18:18 | Build | Stable |
| 18:27 | Build | Blacksmith |
| 19:41 | Build | Siege Workshop |
| 20:11 | Research | Gold Mining |
| 20:14 | Create | Villager (Male) |
| 20:14 | Create | Villager (Male) |
| 20:23 | Research | Bow Saw |
| 20:32 | Research | Wheelbarrow |
| 21:02 | Build | Fish Trap |
| 21:06 | Build | Fish Trap |
| 21:17 | Build | Fish Trap |
| 21:25 | Create | Villager (Male) |
| 21:25 | Create | Villager (Male) |
| 21:26 | Create | Villager (Male) |
| 21:26 | Create | Villager (Male) |
| 21:35 | Build | Fish Trap |
| 21:45 | Build | Fish Trap |
| 22:05 | Build | Fish Trap |
| 22:31 | Build | Market |
| 22:38 | Create | Villager (Male) |
| 22:38 | Create | Villager (Male) |
| 23:06 | Build | Stable |
| 23:31 | Create | Villager (Male) |
| 23:31 | Create | Villager (Male) |
| 23:32 | Create | Villager (Male) |
| 24:18 | Build | Stable |
| 24:37 | Build | Town Center |
| 25:03 | Research | Heavy Plow |
| 25:20 | Build | House |
| 25:22 | Build | House |
| 25:23 | Build | House |
| 25:48 | Create | Villager (Male) |
| 25:49 | Create | Villager (Male) |
| 25:49 | Create | Villager (Male) |
| 25:51 | Research | Imperial Age |
| 25:54 | Research | Hand Cart |
| 25:55 | Research | Town Watch |
| 26:14 | Create | Battle Elephant |
| 26:15 | Create | Battle Elephant |
| 26:16 | Create | Battle Elephant |
| 26:17 | Create | Battle Elephant |
| 26:37 | Research | Stone Mining |
| 26:42 | Build | Farm |
| 27:13 | Build | House |
| 27:15 | Build | House |
| 27:18 | Build | House |
| 27:20 | Build | House |
| 27:59 | Build | Town Center |
| 28:04 | Research | Gold Shaft Mining |
| 28:09 | Create | Villager (Male) |
| 28:09 | Create | Villager (Male) |
| 28:20 | Research | Forging |
| 28:21 | Research | Scale Barding Armor |
| 28:41 | Create | Battle Elephant |
| 28:42 | Create | Battle Elephant |
| 28:43 | Create | Battle Elephant |
| 28:44 | Create | Battle Elephant |
| 28:45 | Create | Battle Elephant |
| 28:45 | Create | Battle Elephant |
| 28:47 | Create | Battle Elephant |
| 29:36 | Create | Villager (Male) |
| 29:37 | Create | Villager (Male) |
| 29:37 | Create | Villager (Male) |
| 29:38 | Create | Villager (Male) |
| 29:41 | Create | Villager (Male) |
| 29:41 | Create | Villager (Male) |
| 29:41 | Create | Villager (Male) |
| 29:42 | Create | Villager (Male) |
| 29:56 | Create | Trade Cart |
| 29:57 | Create | Trade Cart |
| 29:59 | Create | Trade Cart |
| 29:59 | Create | Trade Cart |
| 30:11 | Build | Farm |
| 30:18 | Create | Trade Cart |
Build order — Calio
First 150 of 582 actions detected
| 0:05 | Create | Villager (Male) |
| 0:06 | Create | Villager (Male) |
| 0:06 | Create | Villager (Male) |
| 0:06 | Create | Villager (Male) |
| 0:06 | Create | Villager (Male) |
| 0:09 | Build | House |
| 0:28 | Build | Palisade Wall |
| 0:35 | Build | House |
| 2:20 | Create | Villager (Male) |
| 2:50 | Build | Palisade Wall |
| 3:06 | Build | Lumber Camp |
| 3:12 | Create | Villager (Male) |
| 3:13 | Create | Villager (Male) |
| 4:13 | Build | Palisade Wall |
| 5:05 | Create | Villager (Male) |
| 5:05 | Create | Villager (Male) |
| 5:05 | Create | Villager (Male) |
| 5:06 | Create | Villager (Male) |
| 5:06 | Create | Villager (Male) |
| 5:15 | Build | Mill |
| 6:22 | Build | House |
| 7:13 | Create | Villager (Male) |
| 7:14 | Create | Villager (Male) |
| 7:45 | Create | Villager (Male) |
| 7:45 | Create | Villager (Male) |
| 9:02 | Build | House |
| 9:17 | Build | Mill |
| 9:31 | Build | Mining Camp |
| 9:35 | Build | Farm |
| 9:38 | Research | Feudal Age |
| 11:22 | Create | Villager (Male) |
| 11:22 | Create | Villager (Male) |
| 11:23 | Create | Villager (Male) |
| 11:42 | Age | Feudal Age |
| 12:11 | Build | Mining Camp |
| 12:22 | Create | Villager (Male) |
| 12:22 | Create | Villager (Male) |
| 13:27 | Build | Market |
| 13:39 | Create | Villager (Male) |
| 13:40 | Create | Villager (Male) |
| 13:46 | Build | House |
| 13:57 | Create | Villager (Male) |
| 13:57 | Create | Villager (Male) |
| 14:28 | Build | Farm |
| 15:05 | Build | Blacksmith |
| 15:54 | Build | Farm |
| 16:34 | Research | Castle Age |
| 16:56 | Research | Double-Bit Axe |
| 17:10 | Build | Farm |
| 17:25 | Build | Farm |
| 17:30 | Build | Farm |
| 17:45 | Build | Farm |
| 18:09 | Build | House |
| 18:21 | Research | Horse Collar |
| 18:46 | Build | Farm |
| 19:00 | Age | Castle Age |
| 19:01 | Create | Villager (Male) |
| 19:02 | Create | Villager (Male) |
| 19:02 | Create | Villager (Male) |
| 19:16 | Build | Castle |
| 19:37 | Create | Villager (Male) |
| 19:38 | Create | Villager (Male) |
| 19:38 | Create | Villager (Male) |
| 19:57 | Build | Monastery |
| 20:20 | Build | Farm |
| 20:22 | Build | Farm |
| 20:24 | Create | Villager (Male) |
| 20:24 | Create | Villager (Male) |
| 20:41 | Build | House |
| 20:45 | Create | Monk |
| 20:57 | Build | Farm |
| 21:01 | Build | Farm |
| 21:02 | Create | Villager (Male) |
| 21:35 | Build | Barracks |
| 21:59 | Research | Heavy Plow |
| 22:14 | Build | House |
| 22:16 | Build | House |
| 22:24 | Build | House |
| 22:47 | Research | Bow Saw |
| 23:27 | Create | Villager (Male) |
| 23:27 | Create | Villager (Male) |
| 23:28 | Create | Villager (Male) |
| 23:28 | Create | Villager (Male) |
| 23:48 | Build | Stable |
| 24:14 | Build | Town Center |
| 24:35 | Build | Stable |
| 24:38 | Create | War Elephant |
| 24:55 | Research | Husbandry |
| 25:31 | Build | Town Center |
| 25:44 | Build | Stable |
| 25:46 | Build | Stable |
| 25:55 | Research | Bloodlines |
| 26:02 | Create | Villager (Male) |
| 26:16 | Create | Villager (Male) |
| 26:37 | Create | Villager (Male) |
| 26:37 | Create | Villager (Male) |
| 26:49 | Build | Farm |
| 26:50 | Build | Farm |
| 26:51 | Build | Farm |
| 26:51 | Build | Farm |
| 27:07 | Build | Farm |
| 27:08 | Build | Farm |
| 27:08 | Build | Farm |
| 27:08 | Build | Farm |
| 27:09 | Build | Farm |
| 27:09 | Build | Farm |
| 27:13 | Create | Villager (Male) |
| 27:13 | Create | Villager (Male) |
| 27:37 | Research | Stone Mining |
| 27:49 | Create | Villager (Male) |
| 27:55 | Build | Farm |
| 28:16 | Create | Trade Cart |
| 28:16 | Create | Trade Cart |
| 28:17 | Create | Trade Cart |
| 28:17 | Create | Trade Cart |
| 28:18 | Create | Trade Cart |
| 28:41 | Create | Villager (Male) |
| 28:41 | Create | Villager (Male) |
| 28:42 | Create | Villager (Male) |
| 28:44 | Create | Villager (Male) |
| 28:44 | Create | Villager (Male) |
| 28:44 | Create | Villager (Male) |
| 28:45 | Create | Villager (Male) |
| 29:27 | Create | Knight |
| 29:27 | Create | Knight |
| 29:27 | Create | Knight |
| 29:28 | Create | Knight |
| 29:37 | Build | Farm |
| 29:37 | Build | Farm |
| 29:37 | Build | Farm |
| 29:38 | Build | Farm |
| 29:39 | Build | Farm |
| 29:39 | Build | Farm |
| 29:40 | Build | Farm |
| 29:44 | Build | Farm |
| 29:45 | Build | Farm |
| 29:46 | Build | Farm |
| 29:48 | Build | Farm |
| 29:52 | Create | Villager (Male) |
| 29:52 | Create | Villager (Male) |
| 29:52 | Create | Villager (Male) |
| 29:53 | Create | Villager (Male) |
| 30:00 | Build | Farm |
| 30:40 | Build | University |
| 30:45 | Create | Villager (Male) |
| 30:45 | Create | Villager (Male) |
| 30:45 | Create | Villager (Male) |
| 30:46 | Create | Villager (Male) |
| 30:47 | Create | Villager (Male) |
| 30:48 | Create | Villager (Male) |
Build order — DraKo
First 150 of 371 actions detected
| 0:41 | Build | House |
| 0:42 | Build | House |
| 0:51 | Build | Palisade Wall |
| 0:52 | Build | Palisade Wall |
| 0:55 | Build | Palisade Wall |
| 1:03 | Create | Villager (Male) |
| 1:03 | Create | Villager (Male) |
| 1:04 | Create | Villager (Male) |
| 1:04 | Create | Villager (Male) |
| 2:12 | Build | Palisade Wall |
| 2:51 | Create | Villager (Male) |
| 2:51 | Create | Villager (Male) |
| 3:50 | Create | Villager (Male) |
| 4:16 | Create | Villager (Male) |
| 4:49 | Create | Villager (Male) |
| 4:52 | Build | Lumber Camp |
| 5:18 | Create | Villager (Male) |
| 5:57 | Create | Villager (Male) |
| 5:57 | Create | Villager (Male) |
| 6:19 | Build | House |
| 6:21 | Build | House |
| 6:51 | Create | Villager (Male) |
| 6:51 | Create | Villager (Male) |
| 6:51 | Create | Villager (Male) |
| 7:44 | Create | Villager (Male) |
| 8:07 | Create | Villager (Male) |
| 8:12 | Build | Mill |
| 9:06 | Create | Villager (Male) |
| 9:06 | Create | Villager (Male) |
| 9:07 | Create | Villager (Male) |
| 9:23 | Create | Villager (Male) |
| 9:51 | Build | House |
| 9:52 | Build | House |
| 10:26 | Create | Villager (Male) |
| 10:51 | Create | Villager (Male) |
| 11:24 | Create | Villager (Male) |
| 12:05 | Research | Feudal Age |
| 12:32 | Build | Mill |
| 12:54 | Create | Villager (Male) |
| 14:15 | Age | Feudal Age |
| 14:16 | Research | Wheelbarrow |
| 14:17 | Research | Horse Collar |
| 14:19 | Research | Double-Bit Axe |
| 14:23 | Create | Villager (Male) |
| 14:24 | Create | Villager (Male) |
| 15:45 | Build | Market |
| 15:58 | Build | Farm |
| 16:01 | Create | Villager (Male) |
| 16:18 | Build | Farm |
| 16:19 | Build | Farm |
| 16:22 | Build | Farm |
| 16:24 | Build | Farm |
| 16:26 | Build | Farm |
| 16:26 | Build | Farm |
| 16:27 | Build | Farm |
| 16:30 | Build | Farm |
| 16:33 | Create | Villager (Male) |
| 16:48 | Build | Farm |
| 16:51 | Create | Villager (Male) |
| 17:18 | Build | Farm |
| 17:21 | Create | Villager (Male) |
| 17:28 | Build | House |
| 17:29 | Build | House |
| 17:39 | Build | Farm |
| 17:41 | Create | Villager (Male) |
| 18:03 | Build | Farm |
| 18:08 | Create | Villager (Male) |
| 18:24 | Build | Blacksmith |
| 18:32 | Build | Farm |
| 18:43 | Build | Mining Camp |
| 18:46 | Create | Villager (Male) |
| 19:13 | Create | Villager (Male) |
| 19:26 | Create | Villager (Male) |
| 19:55 | Build | Farm |
| 19:56 | Build | Farm |
| 19:57 | Build | Farm |
| 19:59 | Build | Farm |
| 20:01 | Build | Farm |
| 20:04 | Create | Villager (Male) |
| 20:26 | Create | Villager (Male) |
| 20:33 | Research | Castle Age |
| 20:38 | Build | Mining Camp |
| 23:36 | Age | Castle Age |
| 23:37 | Research | Hand Cart |
| 23:38 | Create | Villager (Male) |
| 23:38 | Create | Villager (Male) |
| 23:41 | Research | Heavy Plow |
| 23:42 | Research | Bow Saw |
| 24:00 | Build | Town Center |
| 24:16 | Build | Town Center |
| 24:40 | Build | Town Center |
| 25:08 | Build | Town Center |
| 25:14 | Build | Farm |
| 25:19 | Build | House |
| 25:20 | Build | House |
| 25:22 | Build | House |
| 25:23 | Build | House |
| 25:25 | Build | House |
| 25:29 | Build | Lumber Camp |
| 25:37 | Build | Farm |
| 25:38 | Create | Villager (Male) |
| 25:38 | Create | Villager (Male) |
| 25:39 | Create | Villager (Male) |
| 26:11 | Build | Farm |
| 26:15 | Create | Villager (Male) |
| 26:16 | Create | Villager (Male) |
| 26:16 | Create | Villager (Male) |
| 26:16 | Create | Villager (Male) |
| 26:17 | Create | Villager (Male) |
| 26:44 | Build | Farm |
| 26:47 | Create | Villager (Male) |
| 27:06 | Build | Farm |
| 27:10 | Create | Villager (Male) |
| 27:11 | Create | Villager (Male) |
| 27:11 | Create | Villager (Male) |
| 27:11 | Create | Villager (Male) |
| 27:15 | Create | Villager (Male) |
| 27:15 | Create | Villager (Male) |
| 27:15 | Create | Villager (Male) |
| 27:16 | Create | Villager (Male) |
| 27:18 | Create | Villager (Male) |
| 27:18 | Create | Villager (Male) |
| 27:18 | Create | Villager (Male) |
| 27:19 | Create | Villager (Male) |
| 27:19 | Create | Villager (Male) |
| 27:19 | Create | Villager (Male) |
| 27:26 | Create | Villager (Male) |
| 27:26 | Create | Villager (Male) |
| 27:26 | Create | Villager (Male) |
| 27:34 | Build | Farm |
| 27:56 | Create | Villager (Male) |
| 27:59 | Build | Farm |
| 28:03 | Create | Villager (Male) |
| 28:05 | Create | Villager (Male) |
| 28:05 | Create | Villager (Male) |
| 28:06 | Create | Villager (Male) |
| 28:06 | Create | Villager (Male) |
| 28:09 | Create | Villager (Male) |
| 28:13 | Create | Villager (Male) |
| 28:13 | Create | Villager (Male) |
| 28:15 | Create | Villager (Male) |
| 28:15 | Create | Villager (Male) |
| 28:16 | Create | Villager (Male) |
| 28:26 | Build | Farm |
| 28:53 | Research | Caravan |
| 28:54 | Create | Trade Cart |
| 28:54 | Create | Trade Cart |
| 28:54 | Create | Trade Cart |
| 29:09 | Create | Villager (Male) |
| 29:23 | Create | Villager (Male) |
Build order — who
First 150 of 915 actions detected
| 0:04 | Research | Loom |
| 0:04 | Create | Villager (Male) |
| 0:04 | Create | Villager (Male) |
| 0:04 | Create | Villager (Male) |
| 0:05 | Create | Villager (Male) |
| 0:31 | Build | Palisade Wall |
| 0:59 | Build | House |
| 1:29 | Build | House |
| 1:32 | Build | House |
| 1:56 | Build | Lumber Camp |
| 2:48 | Create | Villager (Male) |
| 2:48 | Create | Villager (Male) |
| 3:04 | Build | Palisade Wall |
| 3:31 | Build | Palisade Wall |
| 3:37 | Create | Villager (Male) |
| 3:38 | Create | Villager (Male) |
| 3:39 | Create | Villager (Male) |
| 4:24 | Create | Villager (Male) |
| 4:24 | Create | Villager (Male) |
| 4:57 | Create | Villager (Male) |
| 4:57 | Create | Villager (Male) |
| 4:57 | Create | Villager (Male) |
| 5:50 | Create | Villager (Male) |
| 5:50 | Create | Villager (Male) |
| 5:50 | Create | Villager (Male) |
| 6:33 | Create | Villager (Male) |
| 6:33 | Create | Villager (Male) |
| 6:41 | Build | House |
| 6:43 | Build | House |
| 7:03 | Create | Villager (Male) |
| 7:03 | Create | Villager (Male) |
| 7:18 | Create | Villager (Male) |
| 7:18 | Create | Villager (Male) |
| 7:19 | Create | Villager (Male) |
| 7:19 | Create | Villager (Male) |
| 7:28 | Create | Villager (Male) |
| 7:28 | Create | Villager (Male) |
| 8:03 | Create | Villager (Male) |
| 8:21 | Build | Mill |
| 8:43 | Build | Mill |
| 8:49 | Build | Mining Camp |
| 9:33 | Research | Feudal Age |
| 11:31 | Create | Villager (Male) |
| 11:31 | Create | Villager (Male) |
| 11:34 | Build | Farm |
| 11:34 | Build | Farm |
| 11:45 | Age | Feudal Age |
| 11:46 | Build | Farm |
| 11:48 | Research | Double-Bit Axe |
| 11:52 | Research | Horse Collar |
| 12:12 | Create | Villager (Male) |
| 12:18 | Create | Villager (Male) |
| 12:19 | Create | Villager (Male) |
| 12:36 | Create | Villager (Male) |
| 12:37 | Create | Villager (Male) |
| 13:22 | Create | Villager (Male) |
| 13:22 | Create | Villager (Male) |
| 13:44 | Build | House |
| 14:06 | Build | Stone Wall |
| 14:11 | Build | Stone Wall |
| 14:19 | Create | Villager (Male) |
| 14:19 | Create | Villager (Male) |
| 14:36 | Create | Villager (Male) |
| 14:54 | Build | Barracks |
| 15:05 | Create | Villager (Male) |
| 15:11 | Build | Stone Wall |
| 15:47 | Create | Villager (Male) |
| 15:47 | Create | Villager (Male) |
| 15:53 | Build | Farm |
| 15:54 | Build | Farm |
| 15:54 | Build | Farm |
| 15:54 | Build | Farm |
| 15:54 | Build | Farm |
| 15:55 | Build | Farm |
| 15:59 | Build | House |
| 16:00 | Build | House |
| 16:00 | Build | House |
| 16:01 | Build | House |
| 16:01 | Build | House |
| 16:10 | Build | Farm |
| 16:10 | Build | Farm |
| 16:27 | Build | Archery Range |
| 16:43 | Build | Stone Wall |
| 16:55 | Create | Villager (Male) |
| 16:55 | Create | Villager (Male) |
| 17:08 | Create | Villager (Male) |
| 17:08 | Create | Villager (Male) |
| 17:12 | Build | Blacksmith |
| 17:25 | Build | Blacksmith |
| 17:35 | Build | Mining Camp |
| 17:44 | Build | House |
| 17:45 | Build | House |
| 17:46 | Build | House |
| 17:55 | Create | Villager (Male) |
| 18:14 | Research | Castle Age |
| 18:27 | Build | House |
| 18:31 | Build | House |
| 18:55 | Build | Mining Camp |
| 19:27 | Build | House |
| 19:30 | Build | House |
| 19:36 | Build | House |
| 19:47 | Build | Mining Camp |
| 20:28 | Create | Archer |
| 20:28 | Create | Archer |
| 20:30 | Create | Archer |
| 21:06 | Age | Castle Age |
| 21:08 | Build | Stone Wall |
| 21:20 | Research | Bow Saw |
| 21:22 | Research | Heavy Plow |
| 21:23 | Create | Villager (Male) |
| 21:24 | Create | Villager (Male) |
| 21:32 | Build | Town Center |
| 21:42 | Build | Town Center |
| 21:48 | Create | Villager (Male) |
| 21:49 | Research | Wheelbarrow |
| 22:02 | Build | Town Center |
| 22:09 | Research | Crossbowman (upgrade) |
| 22:10 | Create | Archer |
| 22:12 | Research | Fletching |
| 22:13 | Research | Padded Archer Armor |
| 22:18 | Create | Villager (Male) |
| 22:20 | Research | Town Watch |
| 22:26 | Build | Monastery |
| 23:13 | Create | Monk |
| 23:32 | Create | Villager (Male) |
| 23:33 | Create | Villager (Male) |
| 23:33 | Create | Villager (Male) |
| 23:33 | Create | Villager (Male) |
| 23:33 | Create | Villager (Male) |
| 23:35 | Build | Farm |
| 23:35 | Build | Farm |
| 23:36 | Build | Farm |
| 23:36 | Build | Farm |
| 23:36 | Build | Farm |
| 23:36 | Build | Farm |
| 23:50 | Create | Villager (Male) |
| 23:50 | Create | Villager (Male) |
| 23:59 | Build | Farm |
| 24:00 | Build | Farm |
| 24:00 | Build | Farm |
| 24:00 | Build | Farm |
| 24:00 | Build | Farm |
| 24:01 | Build | Farm |
| 24:10 | Create | Villager (Male) |
| 24:10 | Create | Villager (Male) |
| 24:20 | Create | Villager (Male) |
| 24:35 | Create | Villager (Male) |
| 24:35 | Create | Villager (Male) |
| 24:51 | Create | Villager (Male) |
| 25:04 | Build | Stone Wall |
Build order — rileywong96
First 150 of 942 actions detected
| 0:04 | Build | House |
| 0:07 | Build | House |
| 0:08 | Create | Villager (Male) |
| 0:08 | Create | Villager (Male) |
| 0:08 | Create | Villager (Male) |
| 0:08 | Create | Villager (Male) |
| 0:09 | Create | Villager (Male) |
| 1:38 | Create | Villager (Male) |
| 2:03 | Build | Palisade Wall |
| 2:13 | Create | Villager (Male) |
| 2:42 | Create | Villager (Male) |
| 3:04 | Create | Villager (Male) |
| 4:09 | Create | Villager (Male) |
| 4:37 | Create | Villager (Male) |
| 5:03 | Create | Villager (Male) |
| 5:17 | Build | Lumber Camp |
| 5:38 | Build | House |
| 5:47 | Create | Villager (Male) |
| 6:03 | Create | Villager (Male) |
| 6:30 | Create | Villager (Male) |
| 6:58 | Create | Villager (Male) |
| 7:38 | Create | Villager (Male) |
| 7:54 | Build | Mill |
| 8:15 | Research | Feudal Age |
| 8:35 | Build | Palisade Wall |
| 8:46 | Research | Loom |
| 8:57 | Build | House |
| 9:20 | Build | House |
| 9:45 | Create | Villager (Male) |
| 10:11 | Build | Palisade Wall |
| 10:25 | Age | Feudal Age |
| 10:27 | Build | Town Center |
| 10:30 | Create | Villager (Male) |
| 11:05 | Create | Villager (Male) |
| 11:06 | Create | Villager (Male) |
| 11:23 | Build | Farm |
| 11:43 | Build | House |
| 11:55 | Create | Villager (Male) |
| 12:25 | Build | Barracks |
| 12:34 | Create | Villager (Male) |
| 12:38 | Create | Villager (Male) |
| 13:03 | Build | Farm |
| 13:15 | Build | Farm |
| 13:27 | Create | Villager (Male) |
| 13:39 | Build | Blacksmith |
| 13:44 | Build | Farm |
| 13:48 | Create | Villager (Male) |
| 14:21 | Build | Farm |
| 14:22 | Create | Villager (Male) |
| 14:40 | Build | Stable |
| 14:48 | Create | Villager (Male) |
| 14:52 | Build | Farm |
| 14:53 | Create | Villager (Male) |
| 15:14 | Create | Villager (Male) |
| 15:18 | Build | Farm |
| 15:28 | Build | Stable |
| 15:37 | Create | Villager (Male) |
| 15:46 | Create | Villager (Male) |
| 16:05 | Build | Farm |
| 16:17 | Build | Farm |
| 16:26 | Create | Villager (Male) |
| 16:28 | Create | Villager (Male) |
| 16:36 | Build | Farm |
| 16:43 | Build | Stable |
| 16:50 | Create | Villager (Male) |
| 16:51 | Create | Villager (Male) |
| 16:53 | Create | Villager (Male) |
| 17:06 | Build | Farm |
| 17:18 | Build | House |
| 17:22 | Build | Farm |
| 17:26 | Create | Villager (Male) |
| 17:28 | Create | Villager (Male) |
| 17:40 | Create | Villager (Male) |
| 17:45 | Build | Stable |
| 17:55 | Build | House |
| 17:58 | Build | Farm |
| 18:00 | Create | Villager (Male) |
| 18:01 | Create | Villager (Male) |
| 18:17 | Build | Farm |
| 18:25 | Build | House |
| 18:28 | Build | House |
| 18:33 | Build | Farm |
| 18:40 | Create | Villager (Male) |
| 18:40 | Create | Villager (Male) |
| 18:49 | Build | Stable |
| 18:57 | Build | Farm |
| 19:03 | Create | Villager (Male) |
| 19:16 | Build | Farm |
| 19:20 | Build | Farm |
| 19:23 | Build | Farm |
| 19:24 | Create | Villager (Male) |
| 19:25 | Create | Villager (Male) |
| 19:26 | Create | Villager (Male) |
| 19:39 | Build | Farm |
| 19:41 | Build | Farm |
| 19:46 | Build | Farm |
| 19:55 | Build | Stable |
| 19:59 | Build | House |
| 20:10 | Research | Double-Bit Axe |
| 20:12 | Research | Horse Collar |
| 20:23 | Create | Villager (Male) |
| 20:25 | Create | Villager (Male) |
| 20:27 | Build | Farm |
| 20:54 | Build | Farm |
| 20:59 | Build | House |
| 21:01 | Build | House |
| 21:09 | Build | House |
| 21:19 | Create | Villager (Male) |
| 21:20 | Create | Villager (Male) |
| 21:21 | Create | Villager (Male) |
| 21:25 | Build | Farm |
| 21:34 | Build | Lumber Camp |
| 21:53 | Build | Farm |
| 21:56 | Create | Villager (Male) |
| 22:00 | Create | Villager (Male) |
| 22:14 | Create | Villager (Male) |
| 22:14 | Create | Villager (Male) |
| 22:19 | Build | House |
| 22:26 | Build | Stable |
| 22:36 | Build | House |
| 22:38 | Build | Mining Camp |
| 22:43 | Build | Farm |
| 22:44 | Create | Villager (Male) |
| 22:46 | Research | Castle Age |
| 22:50 | Create | Villager (Male) |
| 23:04 | Build | Farm |
| 23:07 | Create | Villager (Male) |
| 23:10 | Build | Farm |
| 23:31 | Build | House |
| 23:33 | Build | House |
| 23:36 | Build | House |
| 23:38 | Build | House |
| 24:00 | Build | Stable |
| 24:06 | Create | Villager (Male) |
| 24:07 | Create | Villager (Male) |
| 24:11 | Research | Wheelbarrow |
| 24:12 | Research | Town Watch |
| 24:16 | Research | Scale Barding Armor |
| 24:17 | Research | Forging |
| 24:30 | Create | Villager (Male) |
| 24:33 | Create | Villager (Male) |
| 25:11 | Build | Stable |
| 25:28 | Age | Castle Age |
| 25:34 | Build | Town Center |
| 25:37 | Create | Villager (Male) |
| 25:37 | Create | Villager (Male) |
| 25:38 | Create | Villager (Male) |
| 25:40 | Research | Hand Cart |
| 25:44 | Research | Hand Cart |
| 25:47 | Create | Villager (Male) |
Match timeline
| 0:28 | Calio · wall_segment Palisade Wall x8 |
| 0:31 | who · wall_segment Palisade Wall x10 |
| 0:51 | DraKo · wall_segment Palisade Wall x1 |
| 0:52 | DraKo · wall_segment Palisade Wall x1 |
| 0:55 | DraKo · wall_segment Palisade Wall x7 |
| 2:03 | rileywong96 · wall_segment Palisade Wall x7 |
| 2:12 | DraKo · wall_segment Palisade Wall x9 |
| 2:27 | SargeantARM · wall_segment Palisade Wall x7 |
| 2:50 | Calio · wall_segment Palisade Wall x8 |
| 3:04 | who · wall_segment Palisade Wall x10 |
| 3:31 | who · wall_segment Palisade Wall x8 |
| 4:13 | Calio · wall_segment Palisade Wall x1 |
| 5:12 | SargeantARM · wall_segment Palisade Wall x9 |
| 5:22 | SargeantARM · wall_segment Palisade Wall x1 |
| 6:21 | ImJustVainilla · wall_segment Palisade Wall x9 |
| 7:54 | SargeantARM · first_building Dock |
| 8:32 | ImJustVainilla · wall_segment Palisade Wall x7 |
| 8:35 | rileywong96 · wall_segment Palisade Wall x7 |
| 10:11 | rileywong96 · wall_segment Palisade Wall x7 |
| 10:25 | rileywong96 · age_up feudal |
| 11:42 | Calio · age_up feudal |
| 11:45 | who · age_up feudal |
| 12:25 | rileywong96 · first_building Barracks |
| 12:42 | SargeantARM · wall_segment Palisade Wall x8 |
| 12:57 | ImJustVainilla · age_up feudal |
| 13:05 | ImJustVainilla · wall_segment Stone Wall x8 |
| 14:06 | who · wall_segment Stone Wall x2 |
| 14:11 | who · wall_segment Stone Wall x13 |
| 14:15 | DraKo · age_up feudal |
| 14:40 | rileywong96 · first_building Stable |
| 14:54 | who · first_building Barracks |
| 15:11 | who · wall_segment Stone Wall x10 |
| 15:21 | ImJustVainilla · wall_segment Stone Wall x10 |
| 16:27 | who · first_building Archery Range |
| 16:30 | Calio · first_market_buy 100 food |
| 16:43 | who · wall_segment Stone Wall x7 |
| 18:04 | ImJustVainilla · wall_segment Stone Wall x8 |
| 18:18 | SargeantARM · first_building Stable |
| 19:00 | Calio · age_up castle |
| 19:16 | Calio · first_building Castle |
| 19:41 | SargeantARM · first_building Siege Workshop |
| 19:57 | Calio · first_building Monastery |
| 20:07 | ImJustVainilla · first_building Barracks |
| 21:06 | who · age_up castle |
| 21:08 | who · wall_segment Stone Wall x4 |
| 21:35 | Calio · first_building Barracks |
| 22:24 | ImJustVainilla · wall_segment Stone Wall x9 |
| 22:26 | who · first_building Monastery |
| 23:36 | DraKo · age_up castle |
| 23:48 | Calio · first_building Stable |
| 24:13 | ImJustVainilla · age_up castle |
| 24:49 | ImJustVainilla · first_building Archery Range |
| 25:04 | who · wall_segment Stone Wall x5 |
| 25:05 | ImJustVainilla · first_building Monastery |
| 25:28 | rileywong96 · age_up castle |
| 25:56 | rileywong96 · first_building Monastery |
| 26:07 | ImJustVainilla · wall_segment Stone Wall x8 |
| 26:12 | ImJustVainilla · wall_segment Stone Wall x2 |
| 30:42 | ImJustVainilla · wall_segment Stone Wall x8 |
| 30:51 | ImJustVainilla · wall_segment Stone Wall x8 |
| 31:37 | ImJustVainilla · first_market_sell 500 food |
| 32:13 | SargeantARM · first_building Monastery |
| 32:18 | who · first_building Castle |
| 32:39 | DraKo · first_building Castle |
| 32:40 | SargeantARM · first_building Castle |
| 33:03 | ImJustVainilla · wall_segment Stone Wall x8 |
| 33:24 | ImJustVainilla · first_building Castle |
| 34:39 | ImJustVainilla · first_building Stable |
| 34:57 | who · age_up imperial |
| 35:09 | rileywong96 · first_building Castle |
| 35:44 | DraKo · first_building Siege Workshop |
| 36:09 | DraKo · first_building Barracks |
| 37:59 | DraKo · age_up imperial |
| 39:02 | SargeantARM · wall_segment Stone Wall x3 |
| 39:15 | ImJustVainilla · age_up imperial |
| 39:53 | rileywong96 · age_up imperial |
| 41:55 | Calio · first_building Siege Workshop |
| 43:48 | who · first_building Siege Workshop |
| 44:28 | who · wall_segment Stone Wall x2 |
| 45:23 | Calio · age_up imperial |
| 48:20 | who · wall_segment Stone Wall x6 |
| 49:30 | rileywong96 · first_market_sell 100 food |
| 51:20 | who · first_building Stable |
| 52:30 | who · wall_segment Stone Wall x5 |
| 54:19 | ImJustVainilla · first_market_buy 100 stone |
| 54:34 | SargeantARM · first_market_sell 100 wood |
| 56:09 | Calio · first_market_sell 100 wood |
| 61:14 | who · resign |
[ AI ANALYSIS · 1 CREDIT ]
What really happened in this match?
Wolo.gg analyzes every decision: build order, eco, micro, common mistakes by bracket. Personalized analysis on WhatsApp or Discord in 30 seconds.
Civ guide
Byzantines
Map guide
Black Forest
Perfil
ImJustVainilla